 Dungeon Sprint DCSS version 0.21.1-1-g345015f (webtiles) character file.

1533 wilfster70 the Covert (level 8, -4/65 HPs)
             Began as a Gnoll Enchanter on June 12, 2018.
             Was an Initiate of Dithmenos.
             Slain by a centaur warrior (8 damage)
             ... in the Dungeon (Sprint I: "Red Sonja").
             The game lasted 00:02:28 (367 turns).

wilfster70 the Covert (Gnoll Enchanter)              Turns: 367, Time: 00:02:29

Health: -4/65      AC:  5    Str: 10    XL:     8   Next: 85%
Magic:  22/29      EV: 17    Int: 20    God:    Dithmenos [......]
Gold:   532        SH:  0    Dex: 16    Spells: 18/24 levels left

rFire    . . .     SeeInvis .   a - +1 dagger
rCold    . . .     Gourm    .   (no shield)
rNeg     . . .     Faith    .   k - +0 troll leather armour
rPois    .         Spirit   .   (no helmet)
rElec    .         Reflect  .   (no cloak)
rCorr    +         Harm     .   (no gloves)
MR       .....     NoTele   +   (no boots)
Stlth    ++++......             (no amulet)
HPRegen  0.60/turn              b - ring of magical power
MPRegen  0.21/turn              l - ring of resist corrosion

@: no status effects
A: distributed training, fangs 1, strong nose
a: Renounce Religion


You were in the Dungeon.
You worshipped Dithmenos.
Dithmenos was noncommittal.
You were not hungry.

You visited 1 branch You collected 532 gold pieces.

Inventory:

Hand Weapons
 a - a +1 dagger (weapon)
Armour
 k - a +0 troll leather armour (worn)
Jewellery
 b - a ring of magical power (left hand)
 l - a ring of resist corrosion (right hand)
Wands
 i - a wand of random effects (16)
Scrolls
 j - 2 scrolls of blinking
Potions
 e - a potion of curing
 f - a potion of heal wounds
 g - a potion of haste
 h - 2 potions of magic
 m - a potion of brilliance {unknown}
 n - a potion of lignification {unknown}
Books
 c - a book of Maledictions

   Spells                             Type                      Level
   a - Corona                         Hexes                        1
   b - Ensorcelled Hibernation        Hexes/Ice                    2
   c - Confuse                        Hexes                        3
   d - Tukima's Dance                 Hexes                        3
   e - Dazzling Spray                 Conjuration/Hexes            3
Comestibles
 d - a ration


   Skills:
 + Level 6.8 Fighting
 + Level 7.3 Short Blades
 + Level 6.8 Long Blades
 + Level 6.8 Axes
 + Level 6.8 Maces & Flails
 + Level 6.8 Polearms
 + Level 6.8 Staves
 + Level 6.8 Slings
 + Level 6.8 Bows
 + Level 6.8 Crossbows
 + Level 6.8 Throwing
 + Level 6.8 Armour
 + Level 8.3 Dodging
 + Level 9.2 Stealth
 + Level 6.8 Shields
 + Level 6.8 Unarmed Combat
 + Level 8.5 Spellcasting
 + Level 5.6 Conjurations
 + Level 8.0 Hexes
 + Level 5.6 Charms
 + Level 5.6 Summonings
 + Level 5.6 Necromancy
 + Level 5.6 Translocations
 + Level 5.6 Transmutations
 + Level 5.6 Fire Magic
 + Level 5.6 Ice Magic
 + Level 5.6 Air Magic
 + Level 5.6 Earth Magic
 + Level 5.6 Poison Magic
 + Level 7.5 Invocations
 + Level 6.8 Evocations


You had 18 spell levels left.
You knew the following spells:

 Your Spells              Type           Power        Failure   Level  Hunger
a - Corona                Hex            #####..      1%          1    None
b - Ensorcelled Hibernat  Hex/Ice        #####.       1%          2    None
c - Confuse               Hex            #####...     1%          3    None


Dungeon Overview and Level Annotations

Branches:
Dungeon (1/1)

Altars:
Cheibriados
Dithmenos
Elyvilon
Fedhas
Gozag
Hepliaklqana
Kikubaaqudgha
Nemelex Xobeh
Okawaru
Qazlal
Ru
Sif Muna
Trog
Uskayaw
Vehumet
Wu Jian
Yredelemnul
Zin
The Shining One

Shops:
D }*[


Innate Abilities, Weirdness & Mutations

Your experience applies equally to all skills.
You have very sharp teeth.
Your uncanny sense of smell can sniff out nearby items.


Message History

You hear a splash.
The centaur warrior shoots an arrow.
The arrow closely misses you.
Found a mace.
You see here 2 arrows.
The centaur warrior unwields an uncursed shortbow of freezing.
The centaur warrior hits you!
* * * LOW HITPOINT WARNING * * *
The centaur warrior hits you with a shortbow.
* * * LOW HITPOINT WARNING * * *
Found 13 gold pieces.
Casting: Ensorcelled Hibernation
Confirm with . or Enter, or press ? or * to list all spells.
Aiming: Ensorcelled Hibernation
Press: ? - help, Shift-Dir - straight line, f - centaur warrior
Aim: a centaur warrior, wielding a shortbow (purple smoke, chance to defeat MR: 46%)
The centaur warrior resists with some effort.
The centaur warrior hits you!
* * * LOW HITPOINT WARNING * * *
The centaur warrior misses you. The centaur warrior hits you!
You die...

#############
#..'..#.)'..# ∆∆ ∆
'..#.)'..#..+ ∆∆
#####'#####'# ###
####..#...#!####§§# ∆
#__####..##(#≈≈§§c#∆∆
#_____##'#_.+≈§§@§+
#_.∩...'.(._#(≈§§c#∆∆
#_..__##_.#'##'####
#_____###(#[#(§.§###
∆
#########.####'###.##
∆
.......'...'..[..'.∩#
++++####.).##########
∆ ##.## ∆ ∆#+#∆ ∆


You could see 2 centaur warriors.

Vanquished Creatures
  Sonja (D)
  A deep troll (D)
  Sigmund (D)
  A yak (D)
  An ogre (D)
  A jelly (D)
  Ijyb (D)
7 creatures vanquished.

Notes
Turn   | Place    | Note
-------+----------+-------------------------------------------
     0 | D        | wilfster70 the Gnoll Enchanter began the quest for the Orb.
     0 | D        | Reached XP level 1. HP: 13/13 MP: 6/6
     1 | D        | Noticed Ijyb
     5 | D        | Killed Ijyb
     5 | D        | Reached skill level 1 in Fighting
     5 | D        | Reached skill level 1 in Long Blades
     5 | D        | Reached skill level 1 in Axes
     5 | D        | Reached skill level 1 in Maces & Flails
     5 | D        | Reached skill level 1 in Polearms
     5 | D        | Reached skill level 1 in Staves
     5 | D        | Reached skill level 1 in Slings
     5 | D        | Reached skill level 1 in Bows
     5 | D        | Reached skill level 1 in Crossbows
     5 | D        | Reached skill level 1 in Throwing
     5 | D        | Reached skill level 1 in Armour
     5 | D        | Reached skill level 6 in Stealth
     5 | D        | Reached skill level 1 in Shields
     5 | D        | Reached skill level 1 in Unarmed Combat
     5 | D        | Reached skill level 5 in Spellcasting
     5 | D        | Reached skill level 1 in Conjurations
     5 | D        | Reached skill level 1 in Charms
     5 | D        | Reached skill level 1 in Summonings
     5 | D        | Reached skill level 1 in Necromancy
     5 | D        | Reached skill level 1 in Translocations
     5 | D        | Reached skill level 1 in Transmutations
     5 | D        | Reached skill level 1 in Fire Magic
     5 | D        | Reached skill level 1 in Ice Magic
     5 | D        | Reached skill level 1 in Air Magic
     5 | D        | Reached skill level 1 in Earth Magic
     5 | D        | Reached skill level 1 in Poison Magic
     5 | D        | Reached skill level 1 in Invocations
     5 | D        | Reached skill level 1 in Evocations
     5 | D        | Reached XP level 2. HP: 22/22 MP: 8/8
     5 | D        | Reached XP level 3. HP: 27/27 MP: 9/9
    30 | D        | Learned a level 2 spell: Ensorcelled Hibernation
    34 | D        | Learned a level 3 spell: Confuse
    47 | D        | Noticed an ogre
    50 | D        | Killed an ogre
    50 | D        | Reached skill level 5 in Dodging
    50 | D        | Reached XP level 4. HP: 35/35 MP: 9/11
    61 | D        | Noticed Sigmund
    64 | D        | Killed Sigmund
    64 | D        | Reached skill level 7 in Stealth
    64 | D        | Reached XP level 5. HP: 42/42 MP: 11/14
    64 | D        | Reached XP level 6. HP: 48/48 MP: 11/15
    98 | D        | Found a deep blue altar of Sif Muna.
    99 | D        | Found an ornate altar of the Wu Jian Council.
   100 | D        | Found a radiant altar of Vehumet.
   104 | D        | Reached skill level 5 in Short Blades
   107 | D        | Found Moqod's General Store.
   107 | D        | Found an ancient bone altar of Kikubaaqudgha.
   107 | D        | Found a hazy altar of Hepliaklqana.
   107 | D        | Found a stormy altar of Qazlal.
   107 | D        | Found a hide-covered altar of Uskayaw.
   107 | D        | Found a blossoming altar of Fedhas.
   107 | D        | Found a bloodstained altar of Trog.
   107 | D        | Found an iron altar of Okawaru.
   107 | D        | Found a basalt altar of Yredelemnul.
   107 | D        | Found a glowing golden altar of the Shining One.
   107 | D        | Found a snail-covered altar of Cheibriados.
   107 | D        | Found a sacrificial altar of Ru.
   107 | D        | Found a glowing silver altar of Zin.
   107 | D        | Found a shadowy altar of Dithmenos.
   107 | D        | Found a white marble altar of Elyvilon.
   107 | D        | Noticed a yak
   108 | D        | Found an opulent altar of Gozag.
   109 | D        | Killed a yak
   109 | D        | Reached skill level 5 in Invocations
   110 | D        | Found a sparkling altar of Nemelex Xobeh.
   119 | D        | Became a worshipper of Dithmenos the Shadowed
   147 | D        | Noticed Sonja
   152 | D        | Killed Sonja
   152 | D        | Reached skill level 8 in Stealth
   152 | D        | Reached skill level 5 in Conjurations
   152 | D        | Reached skill level 5 in Charms
   152 | D        | Reached skill level 5 in Summonings
   152 | D        | Reached skill level 5 in Necromancy
   152 | D        | Reached skill level 5 in Translocations
   152 | D        | Reached skill level 5 in Transmutations
   152 | D        | Reached skill level 5 in Fire Magic
   152 | D        | Reached skill level 5 in Ice Magic
   152 | D        | Reached skill level 5 in Air Magic
   152 | D        | Reached skill level 5 in Earth Magic
   152 | D        | Reached skill level 5 in Poison Magic
   152 | D        | Reached XP level 7. HP: 46/58 MP: 14/18
   152 | D        | Reached XP level 8. HP: 51/64 MP: 15/20
   302 | D        | Found Baun's Gadget Boutique.
   310 | D        | Noticed a deep troll
   314 | D        | Killed a deep troll
   314 | D        | Reached skill level 9 in Stealth
   339 | D        | Found Zeqero's Armour Emporium.
   365 | D        | Noticed a centaur warrior
   365 | D        | Noticed a centaur warrior
   367 | D        | Slain by a centaur warrior

Skill      XL: |  1  2  3  4  5  6  7  8 |
---------------+-------------------------+-----
Fighting       | 1 3 4 6 |  6.8
Short Blades   | 3 4 6 7 |  7.3
Long Blades    | 1 3 4 6 |  6.8
Axes           | 1 3 4 6 |  6.8
Maces & Flails | 1 3 4 6 |  6.8
Polearms       | 1 3 4 6 |  6.8
Staves         | 1 3 4 6 |  6.8
Slings         | 1 3 4 6 |  6.8
Bows           | 1 3 4 6 |  6.8
Crossbows      | 1 3 4 6 |  6.8
Throwing       | 1 3 4 6 |  6.8
Armour         | 1 3 4 6 |  6.8
Stealth        | 6 7 8 9 |  9.2
Shields        | 1 3 4 6 |  6.8
Unarmed Combat | 1 3 4 6 |  6.8
Spellcasting   | 5 6 8 |  8.5
Conjurations   | 1 2 3 5 |  5.6
Charms         | 1 2 3 5 |  5.6
Summonings     | 1 2 3 5 |  5.6
Necromancy     | 1 2 3 5 |  5.6
Translocations | 1 2 3 5 |  5.6
Transmutations | 1 2 3 5 |  5.6
Fire Magic     | 1 2 3 5 |  5.6
Ice Magic      | 1 2 3 5 |  5.6
Air Magic      | 1 2 3 5 |  5.6
Earth Magic    | 1 2 3 5 |  5.6
Poison Magic   | 1 2 3 5 |  5.6
Invocations    | 1 3 4 6 7 |  7.5
Evocations     | 1 3 4 6 |  6.8
Dodging        | 5 6 7 8 |  8.3
Hexes          | 6 7 8 |  8.0

Action                   |  1- 3 |  4- 6 |  7- 9 || total
-------------------------+-------+-------+-------++-------
Melee: Dagger            |     3 |     4 |     1 ||     8
       Bite              |     1 |       |       ||     1
 Cast: Ensorcelled Hiber |       |     1 |     1 ||     2
  Use: Potion            |     1 |       |       ||     1
 Stab: Sleeping          |     1 |     4 |     1 ||     6
Dodge: Dodged            |       |     1 |     3 ||     4
